 Dungeon Crawl Stone Soup version 0.30-a0-439-g9e77e4d916 (webtiles) character file.

Game seed: 12636931209633356430

22773 whiskeysaurus the Cleaver (level 12, -1/150 HPs)
             Began as a Minotaur Fighter on Dec 10, 2022.
             Was a High Priest of Hepliaklqana.
             Slain by a minotaur
             ... wielding the +8 demon blade "Leech" {vamp, Harm Drain rN+}
              (15 damage)
             ... in a Gauntlet.
             The game lasted 00:38:49 (14841 turns).

whiskeysaurus the Cleaver (Minotaur Fighter)       Turns: 14841, Time: 00:38:50

Health: -1/150     AC: 37    Str: 27    XL:     12   Next: 66%
Magic:  11/11      EV:  2    Int: 11    God:    Hepliaklqana [*****.]
Gold:   700        SH:  0    Dex:  9    Spells: 11/11 levels left

rFire   . . .      SeeInvis +    a - +1 war axe (protect)
rCold   . . .      Faith    .    f - +1 kite shield
rNeg    + . .      Spirit   .    (body armour currently unavailable)
rPois   +          Reflect  .    (helmet currently unavailable)
rElec   .          Harm     .    (cloak currently unavailable)
rCorr   .          Rampage  .    (gloves currently unavailable)
Will    .....      NoTele   +    (boots currently unavailable)
Stlth   +.........               (no amulet)
HPRegen 0.45/turn                w - +4 ring of protection
MPRegen 0.12/turn                H - ring of Unue {rN+ Int+6 SInv}

@: confused, mighty, tree-form (expiring), ambrosia-drunk, under a protective
aura, invisible
A: stationary, stasis, torment immunity, boosted hp, reduced essence, (horns 2),
(retaliatory headbutt)
a: Renounce Religion, Recall Ancestor, Ancestor Identity, Transference, Idealise


You were in a Gauntlet.
You worshipped Hepliaklqana.
Hepliaklqana was extremely pleased with you.
You were a tree.
You visited 1 branch of the dungeon, and saw 13 of its levels.
You also visited: Ossuary and Gauntlet.

You collected 700 gold pieces.

Inventory:

Hand Weapons
 a - a +1 war axe of protection (weapon)
 d - a +0 battleaxe
 P - the +7 quarterstaff of Haiph {holy, rPois Str+8 Int-4 Dex+3}
   (You found it on level 11 of the Dungeon)

   It has been blessed by the Shining One to cause great damage to the undead
   and demons.
   Str:       It affects your strength (+8).
   Int:       It affects your intelligence (-4).
   Dex:       It affects your dexterity (+3).
   rPois:     It protects you from poison.
Missiles
 h - 115 stones (quivered)
 y - 5 throwing nets
 B - 5 javelins
Armour
 b - a +0 scale mail
 c - a +0 buckler
 f - a +1 kite shield (worn)
 v - a +0 plate armour
 A - a +0 cloak (melded)
 J - +0 shadow dragon scales (melded)
 N - a +0 pair of boots (melded)
Jewellery
 w - a +4 ring of protection (left branch)
 C - a +6 ring of intelligence
 H - the ring of Unue (right branch) {rN+ Int+6 SInv}
   (You found it in a Gauntlet)

   [ring of positive energy]

   Int:       It affects your intelligence (+6).
   rN:        It protects you from negative energy.
   SInv:      It lets you see invisible.
 O - a ring of protection from cold
 Q - a ring of positive energy
 R - a ring of fire
Wands
 q - a wand of roots (30)
 t - a wand of paralysis (16)
 D - a wand of mindburst (17)
 F - a wand of acid (11)
 G - a wand of flame (9)
 L - a wand of digging (4)
Scrolls
 j - a scroll of identify
 k - 3 scrolls of enchant weapon
 l - 2 scrolls of fear
 o - a scroll of fog
 p - 3 scrolls of enchant armour
 x - 8 scrolls of teleportation
 T - a scroll of magic mapping
Potions
 g - a potion of resistance
 i - 6 potions of attraction
 m - 4 potions of curing
 n - 11 potions of mutation
 r - 5 potions of lignification
 s - 3 potions of invisibility
 z - 3 potions of flight
 E - a potion of cancellation
 I - a potion of magic
 S - a potion of degeneration
Miscellaneous
 M - a box of beasts


   Skills:
 + Level 12.2 Fighting
 + Level 14.6 Axes
 + Level 13.3 Armour
 + Level 12.7 Shields


You had 11 spell levels left.
You didn't know any spells.
Your spell library contained the following spells:

 Spells                   Type           Power      Damage    Failure   Level
 Sting                    Tmut/Pois      0%         1d3       56%         1
 Cigotuvi's Dreadful Rot  Necr/Pois/Air  0%         N/A       71%         2
 Poisonous Vapours        Pois/Air       0%         N/A       71%         2
 Sublimation of Blood     Necr           0%         N/A       71%         2
 Dazzling Flash           Conj/Hex       0%         N/A       90%         3
 Frozen Ramparts          Ice            0%         1d1       90%         3
 Mephitic Cloud           Conj/Pois/Air  0%         N/A       90%         3
 Animate Dead             Necr           0%         N/A       100%        4
 Ice Form                 Ice/Tmut       0%         N/A       100%        4
 Iskenderun's Mystic Bla  Conj/Tloc      0%         2d3       100%        4
 Olgreb's Toxic Radiance  Pois           0%         N/A       100%        4
 Petrify                  Tmut/Erth      0%         N/A       100%        4
 Summon Ice Beast         Ice/Summ       0%         N/A       100%        4
 Blade Hands              Tmut           0%         N/A       100%        5
 Borgnjor's Vile Clutch   Necr/Erth      0%         N/A       100%        5
 Irradiate                Conj/Tmut      0%         3d11      100%        5
 Summon Forest            Summ/Tloc      0%         N/A       100%        5
 Summon Mana Viper        Hex/Summ       0%         N/A       100%        5
 Death Channel            Necr           0%         N/A       100%        6
 Starburst                Conj/Fire      0%         6d3       100%        6
 Summon Cactus Giant      Summ           0%         N/A       100%        6
 Dragon Form              Tmut           0%         N/A       100%        7


Dungeon Overview and Level Annotations

Branches:
Dungeon (13/15)            Temple (0/1) D:5            Lair (0/5) D:10
    Orc (0/2) D:9         Ossuary (visited)         Gauntlet (1/1)
 Vaults: D:13-14

Altars:
Gozag
Hepliaklqana
Okawaru
Qazlal
Ru
Vehumet
Yredelemnul
The Shining One

Annotations:
D:4 3 runed translucent doors, Pikel; thurberlil's ghost, amateur HuSu Gauntlet 8 transporters, 21 runed translucent doors


Innate Abilities, Weirdness & Mutations

You are a tree.
Your roots penetrate the ground, keeping you stationary.
You cannot be teleported.
You are immune to unholy pain and torment.
Your maximum health is greatly increased.
Your equipment is partially melded.
Your life essence is reduced to manifest your ancestor. (-10% HP)
((You have a pair of horns on your head.))
((You reflexively headbutt those who attack you in melee.))


Message History

The minotaur gores you but does no damage.
You feel much better. The minotaur barely misses you.
The minotaur gores you but does no damage.
You feel better. You block the minotaur's attack. x2
You catch the helpless minotaur completely off-guard!
You hit the minotaur.
Your weapon exudes an aura of protection.
The minotaur is lightly wounded.
You cannot move.
Your transformation is almost over.
The minotaur throws a silver javelin.
The silver javelin pierces through you but does no damage.
The silver sears you!
* * * LOW HITPOINT WARNING * * *
The minotaur throws a silver javelin.
The silver javelin pierces through you.
* * * LOW HITPOINT WARNING * * *
The silver sears you!
* * * LOW HITPOINT WARNING * * *
You feel better.
You are confused.
You feel invigorated.
The minotaur hits you with the +8 demon blade "Leech" {vamp, Harm Drain rN+}!
* * * LOW HITPOINT WARNING * * *
The minotaur draws strength from your wounds!
The minotaur gores you but does no damage.
You cannot move. (Use ctrl+direction or * direction to attack while stationary and confused.)
You cannot move. (Use ctrl+direction or * direction to attack while stationary and confused.)
You hit the minotaur.
Your weapon exudes an aura of protection.
The minotaur is lightly wounded.
The minotaur hits you with the +8 demon blade "Leech" {vamp, Harm Drain rN+}!
* * * LOW HITPOINT WARNING * * *
The minotaur gores you but does no damage.
You attack the stone wall.
The minotaur hits you but does no damage.
The minotaur barely misses you.
You slash the minotaur!
The minotaur is lightly wounded.
The minotaur hits you with the +8 demon blade "Leech" {vamp, Harm Drain rN+}!
You die...

############..8.8.8..############
##...©.©.©...## #.............#
#.#.#######.#.# #.#....#...,#,*
#.#.##.#.##.#.# #.............#
#.#..##'##..#.# #.#..#8♣8#,,#,*
#....#.H.#,,,,* ###8.#8.8#,8***
####:.[#*** #8.8# #[.=# #8∩8#
#####


You could see a minotaur (unable to see you).

Vanquished Creatures
  A boulder beetle (D:11)
  4 two-headed ogres
  A glowing orange brain (Gauntlet)
  2 ugly things
  A manticore (D:11)
  A cyclops (D:11)
  A gargoyle (D:11)
  An unseen horror (D:12)
  Psyche (D:10)
  A komodo dragon (D:11)
  2 trolls
  Prince Ribbit (D:6)
  A hornet (D:8)
  A yak (D:11)
  A vampire (D:11)
  A shadow (D:9)
  4 wraiths
  3 vampire mosquitoes (D:10)
  An acid dragon (D:8)
  A floating eye (D:11)
  An orc warrior (D:11)
  A black bear (D:5)
  A sky beast (D:6)
  3 phantoms
  2 lemures
  Blork the orc (D:6)
  2 kobold brigands (D:8)
  A necrophage (D:6)
  A gnoll sergeant (D:11)
  A bullfrog (D:7)
  A scorpion (D:6)
  2 water moccasin zombies (Ossuary)
  14 wights
  A troll zombie (D:9)
  A killer bee (D:11)
  4 howler monkeys
  6 hounds
  2 jellies
  6 orc priests
  An iguana (D:5)
  Natasha (thrice) (D:3)
  12 orc wizards
  4 ogre zombies (D:9)
  A mummy (Ossuary)
  3 gnolls
  7 adders
  7 adder zombies (Ossuary)
  A worm (D:3)
  4 dart slugs
  27 orcs
  5 ball pythons
  An endoplasm (D:2)
  3 giant cockroaches
  5 goblins
  11 hobgoblins
  2 jackals (D:1)
  12 kobolds
  2 quokkas
  4 bats
  4 frilled lizards
  2 gnoll zombies (Ossuary)
  2 goblin skeletons (D:9)
  8 hobgoblin zombies
  10 kobold zombies (Ossuary)
  14 orc zombies
  5 rats
241 creatures vanquished.

Vanquished Creatures (collateral kills)
  Josephine (D:10)
  A great orb of eyes (Gauntlet)
  A hydra (D:10)
  A boulder beetle (D:11)
  Erica (D:8)
  A two-headed ogre (D:12)
  A glowing orange brain (Gauntlet)
  A deep elf pyromancer (D:11)
  A manticore (D:12)
  4 ugly things (Gauntlet)
  3 unseen horrors
  2 gargoyles (D:10)
  A komodo dragon (D:11)
  A troll (D:10)
  A hornet (D:8)
  2 shadows (D:11)
  A wraith (D:10)
  A wyvern (D:9)
  A yak (D:9)
  A steam dragon (D:8)
  A vampire mosquito (D:10)
  An acid dragon (D:10)
  An ice beast (D:8)
  A black bear (D:6)
  2 orc warriors
  A sky beast (D:8)
  An ogre (D:5)
  A centaur (D:7)
  A phantom (D:9)
  2 kobold brigands (D:8)
  2 bullfrogs
  5 wights
  2 howler monkeys
  2 electric eels (D:10)
  2 orc priests
  An orc wizard (D:10)
  3 ogre zombies (D:9)
  A mummy (Ossuary)
  An adder zombie (Ossuary)
  6 orcs
  A goblin skeleton (D:9)
  2 goblin zombies (D:9)
  A hobgoblin zombie (D:9)
  7 kobolds (D:8)
  An orc skeleton (D:9)
  4 orc zombies (D:9)
80 creatures vanquished.

Vanquished Creatures (others)
  5 battlemagi
  4 ancestors (D:6)
  21 demonic plants (Gauntlet)
  5 plants (D:4)
35 creatures vanquished.

Grand Total: 356 creatures vanquished

Notes
Turn   | Place    | Note
-------+----------+-------------------------------------------
     0 | D:1      | whiskeysaurus the Minotaur Fighter began the quest for the
                  | Orb.
     0 | D:1      | Reached XP level 1. HP: 19/19 MP: 0/0
   106 | D:1      | Reached XP level 2. HP: 27/27 MP: 1/1
   364 | D:1      | Reached skill level 3 in Axes
   512 | D:2      | Reached XP level 3. HP: 27/33 MP: 2/2
   890 | D:3      | Noticed Natasha
   897 | D:3      | Killed Natasha
   897 | D:3      | Noticed Natasha
   898 | D:3      | Reached XP level 4. HP: 28/40 MP: 3/3
   902 | D:3      | Killed Natasha
   991 | D:3      | Noticed Natasha
  1000 | D:3      | Killed Natasha
  1001 | D:3      | Reached skill level 5 in Shields
  1001 | D:3      | Reached XP level 5. HP: 39/47 MP: 4/4
  1692 | D:4      | Reached skill level 4 in Axes
  1834 | D:4      | Found a hazy altar of Hepliaklqana.
  1844 | D:4      | Became a worshipper of Hepliaklqana the Forgotten
  1969 | D:3      | Reached XP level 6. HP: 24/55 MP: 5/5
  2329 | D:4      | Reached skill level 5 in Fighting
  2358 | D:4      | Found a runed translucent gate.
  2358 | D:4      | Found a runed translucent gate.
  2358 | D:4      | Found a runed translucent gate.
  2359 | D:4      | Noticed thurberlil's ghost (amateur HuSu)
  2369 | D:4      | Noticed Pikel
  2830 | D:4      | Reached skill level 5 in Armour
  3377 | D:4      | Paralysed by Pikel for 3 turns
  3483 | D:4      | Paralysed by Pikel for 4 turns
  3574 | D:5      | Entered Level 5 of the Dungeon
  3819 | D:5      | Found a staircase to the Ecumenical Temple.
  3826 | D:5      | Found a sand-covered staircase.
  3831 | Ossuary  | Entered an ossuary
  3901 | Ossuary  | Reached XP level 7. HP: 61/61 MP: 6/6
  3942 | Ossuary  | Reached * piety under Hepliaklqana
  3965 | Ossuary  | Reached skill level 5 in Axes
  4695 | D:5      | Found a basalt altar of Yredelemnul.
  5018 | D:6      | Noticed a two-headed ogre
  5165 | D:6      | Reached skill level 6 in Axes
  5165 | D:6      | Reached XP level 8. HP: 57/63 MP: 7/7
  5214 | D:6      | Noticed a two-headed ogre
  5227 | D:6      | Killed a two-headed ogre
  5228 | D:6      | Reached skill level 7 in Axes
  5459 | D:6      | Reached XP level 9. HP: 21/69 MP: 8/8
  5821 | D:6      | Reached skill level 8 in Axes
  5935 | D:6      | Noticed Blork the orc
  5940 | D:6      | Noticed Prince Ribbit
  5942 | D:6      | Killed Blork the orc
  5974 | D:6      | Killed Prince Ribbit
  6343 | D:6      | Killed a two-headed ogre
  6344 | D:6      | Reached skill level 9 in Axes
  6507 | D:6      | Noticed a troll
  6516 | D:6      | Killed a troll
  6620 | D:6      | Reached ** piety under Hepliaklqana
  6621 | D:6      | Remembered your ancestor Ealamassi as a battlemage
  6881 | D:6      | Noticed a two-headed ogre
  6890 | D:6      | Killed a two-headed ogre
  6891 | D:6      | Reached skill level 10 in Axes
  6891 | D:6      | Reached skill level 10 in Armour
  6891 | D:6      | Reached XP level 10. HP: 48/80 MP: 9/9
  6988 | D:6      | Found a glowing golden altar of the Shining One.
  7569 | D:7      | Found an iron altar of Okawaru.
  8552 | D:8      | Found an opulent altar of Gozag.
  8553 | D:8      | Found a radiant altar of Vehumet.
  8625 | D:8      | Noticed Erica
  8635 | D:8      | Killed Erica
  8636 | D:8      | Reached skill level 11 in Axes
  8879 | D:8      | Found a sacrificial altar of Ru.
  9167 | D:9      | Found a staircase to the Orcish Mines.
  9171 | D:9      | Reached skill level 10 in Shields
  9180 | D:9      | Reached *** piety under Hepliaklqana
  9408 | D:9      | Reached skill level 12 in Axes
  9570 | D:9      | Found a stormy altar of Qazlal.
  9585 | D:9      | Reached XP level 11. HP: 87/87 MP: 10/10
  9947 | D:10     | Entered Level 10 of the Dungeon
  9970 | D:10     | Noticed Psyche
  9985 | D:10     | Noticed Josephine
  9991 | D:10     | Killed Psyche
 10438 | D:10     | Noticed a four-headed hydra
 10446 | D:10     | Killed a four-headed hydra
 10713 | D:10     | Reached skill level 10 in Fighting
 10741 | D:10     | Killed Josephine
 10783 | D:10     | Reached skill level 13 in Axes
 11359 | D:10     | Found a staircase to the Lair.
 11859 | D:11     | Noticed a cyan ugly thing
 11875 | D:10     | Killed a cyan ugly thing
 12312 | D:11     | Noticed a boulder beetle
 12335 | D:11     | Killed a boulder beetle
 12359 | D:11     | Noticed a boulder beetle
 12748 | D:11     | Noticed a purple ugly thing
 12753 | D:11     | Reached XP level 12. HP: 72/99 MP: 11/11
 12794 | D:11     | Killed a boulder beetle
 12982 | D:11     | Identified the +7 quarterstaff of Haiph {holy, rPois Str+8
                  | Int-4 Dex+3}
 13101 | D:11     | Reached skill level 14 in Axes
 13267 | D:11     | Reached **** piety under Hepliaklqana
 13577 | D:12     | Noticed a two-headed ogre
 13583 | D:12     | Killed a two-headed ogre
 13590 | D:12     | Noticed a two-headed ogre
 13597 | D:12     | Killed a two-headed ogre
 14120 | D:12     | Reached ***** piety under Hepliaklqana
 14303 | D:13     | Found a gate leading to a gauntlet.
 14309 | Gauntlet | Entered a Gauntlet
 14309 | Gauntlet | Found a transporter.
 14309 | Gauntlet | Found a large runed translucent door.
 14309 | Gauntlet | Found a large runed translucent door.
 14309 | Gauntlet | Found a large runed translucent door.
 14309 | Gauntlet | Found a large runed translucent door.
 14309 | Gauntlet | Found a large runed translucent door.
 14309 | Gauntlet | Found a large runed translucent door.
 14309 | Gauntlet | Found a runed translucent door.
 14309 | Gauntlet | Found a runed translucent door.
 14309 | Gauntlet | Found a large runed translucent door.
 14309 | Gauntlet | Found a large runed translucent door.
 14309 | Gauntlet | Found a large runed translucent door.
 14309 | Gauntlet | Found a large runed translucent door.
 14309 | Gauntlet | Found a large runed translucent door.
 14309 | Gauntlet | Found a large runed translucent door.
 14310 | Gauntlet | Found a large runed translucent door.
 14310 | Gauntlet | Found a large runed translucent door.
 14310 | Gauntlet | Found a large runed translucent door.
 14310 | Gauntlet | Found a large runed translucent door.
 14318 | Gauntlet | Found a transporter.
 14319 | Gauntlet | Found a runed translucent gate.
 14319 | Gauntlet | Found a runed translucent gate.
 14319 | Gauntlet | Found a runed translucent gate.
 14320 | Gauntlet | Found a transporter.
 14336 | Gauntlet | Found a transporter.
 14340 | Gauntlet | Noticed a hell hog
 14348 | Gauntlet | Found a transporter.
 14363 | Gauntlet | Noticed a dire elephant
 14366 | Gauntlet | Found a transporter.
 14371 | Gauntlet | Found a transporter.
 14375 | Gauntlet | Found a transporter.
 14392 | Gauntlet | Found a transporter.
 14412 | Gauntlet | Found a transporter.
 14416 | Gauntlet | Found a transporter.
 14420 | Gauntlet | Noticed a great orb of eyes
 14424 | Gauntlet | Found a transporter.
 14645 | Gauntlet | Killed a great orb of eyes
 14653 | Gauntlet | Noticed a boulder beetle
 14657 | Gauntlet | Identified the ring of Unue {rN+ Int+6 SInv}
 14799 | Gauntlet | Identified the ring "Syhamish" {rN+ rCorr Dex+2 Stlth+}
 14799 | Gauntlet | Noticed a minotaur
 14839 | Gauntlet | HP: 7/150 [minotaur/the +8 demon blade "Leech" {vamp, Harm
                  | Drain rN+} (13)]
 14841 | Gauntlet | Slain by a minotaur

Illustrated notes

Levels and vault maps discovered:
D:1:      saegor_arrival_simple_b, layout_rooms, st_stairs_4,
          hangedman_glass_teeth
D:2:      layout_rooms
D:3:      layout_rooms, uniq_natasha
D:4:      layout_basic, nicolae_hepliaklqana_hazy_memory, gammafunk_ghost_split,
          uniq_pikel
D:5:      layout_basic, kennysheep_mini, minmay_temple_entry_sparse_star,
          serial_glass, glass_columns_b, glass_columns_c, enter_ossuary_5,
          sigmund_army
D:6:      layout_gridville, mainiacjoe_overflow_alcove_1, minivault_23,
          minmay_misc_feat_x, kb_rosetta, uniq_blork_the_orc,
          uniq_prince_ribbit1
D:7:      layout_loops_cross, okawaru_trees_2
D:8:      layout_loops_ring, mainiacjoe_overflow_small_starburst,
          gammafunk_temple_overflow_statue, grunt_ministairs_2, st_stairs_1,
          uniq_erica
D:9:      nicolae_BIG_FREAKIN_CUBE, layout_basic, overflow_temple_1_default,
          zombieorc2_lemuel, kennysheep_potato
D:10:     layout_basic, lair_entry_dummy, uniq_psyche, uniq_josephine
D:11:     layout_roguey, onia_ninara_cookie
D:12:     layout_stronghold, minmay_hedge_maze
D:13:     layout_gridville, gauntlet_entry_generic
Gauntlet: minmay_gauntlet_mixed_oops_all_seconds [minmay_gauntlet_arena_77_mess,
          minmay_gauntlet_arena_make_your_own_arena,
          minmay_gauntlet_arena_77_checkered, gammafunk_gauntlet_arena_hedges,
          minmay_gauntlet_arena_77_squiggly, nicolae_gauntlet_swirl,
          nicolae_gauntlet_exit_dead_adventurers]

Skill      XL: |  1  2  3  4  5  6  7  8  9 10 11 12 |
---------------+-------------------------------------+-----
Axes           | 3 4 6 7 10 12 13 14 | 14.6
Shields        | 4 5 6 7 9 10 11 12 | 12.7
Fighting       | 4 5 6 7 8 9 11 12 | 12.2
Armour         | 4 5 6 8 10 11 12 13 | 13.3

Action                   |  1- 3 |  4- 6 |  7- 9 | 10-12 || total
-------------------------+-------+-------+-------+-------++-------
Melee: War axe           |    63 |   141 |   172 |   369 ||   745
       Headbutt          |     4 |    26 |    31 |    74 ||   135
Throw: Stone             |       |       |       |     3 ||     3
Invok: Ancestor Life: Ba |       |       |     1 |       ||     1
Evoke: Wand              |       |       |       |     1 ||     1
  Use: Scroll            |       |     4 |       |    23 ||    27
       Potion            |       |       |     1 |    11 ||    12
 Stab: Distracted        |       |       |     1 |     4 ||     5
       Invisible         |       |       |       |     1 ||     1
       Sleeping          |       |       |       |     1 ||     1
Armor: Scale mail        |    24 |    52 |       |       ||    76
       Plate armour      |       |    14 |   105 |    85 ||   204
       Shadow dragon sca |       |       |       |   144 ||   144
       Skin              |       |       |       |    18 ||    18
Dodge: Dodged            |    22 |    58 |    38 |    91 ||   209
Block: Buckler           |     6 |       |       |       ||     6
       Kite shield       |    20 |    61 |    82 |   204 ||   367

Table legend: (Time is in decaauts)
 A = Elapsed time spent in this place.
 B = Non-inter-level travel time spent in this place.
 C = Inter-level travel time spent in this place.
 D = Time resting spent in this place.
 E = Time spent auto-exploring this place.
 F = Levels seen in this place.
 G = Mean time per level.
                   A        B        C        D        E       F      G
               +--------+--------+--------+--------+--------+-----+--------+
         Total |  15007 |  14423 |    584 |   3972 |   7685 |  15 | 1000.5 |
       Dungeon |  14215 |  13631 |    584 |   3834 |   7437 |  13 | 1093.5 |
       Ossuary |    266 |    266 |      0 |      0 |     58 |   1 |  266.0 |
      Gauntlet |    524 |    524 |      0 |    138 |    190 |   1 |  524.0 |
               +--------+--------+--------+--------+--------+-----+--------+

Top non-repeatable levels by time:
    D:10: 2122 daAuts
     D:6: 1951 daAuts
     D:3: 1774 daAuts
     D:5: 1569 daAuts
     D:9: 1349 daAuts
     D:4: 979 daAuts
    D:11: 946 daAuts
     D:7: 912 daAuts
    D:12: 853 daAuts
     D:8: 843 daAuts
Gauntlet: 524 daAuts
     D:1: 517 daAuts
     D:2: 390 daAuts
 Ossuary: 266 daAuts
    D:13: 5 daAuts
